 Dungeon Crawl Stone Soup version 0.29-a0-330-g52719c12eb (webtiles) character file.

Game seed: 13210480460450802485

1060 Anon1729 the Slasher (level 8, -5/69 HPs)
             Began as a Minotaur Monk on May 26, 2022.
             Slain by an orc warrior
             ... wielding a +0 mace
              (13 damage)
             ... on level 6 of the Dungeon.
             The game lasted 00:08:38 (7700 turns).

Anon1729 the Slasher (Minotaur Monk)                Turns: 7700, Time: 00:08:39

Health: -5/69      AC:  3    Str: 17    XL:     8   Next: 6%
Magic:  19/19      EV: 13    Int: 11    God:
Gold:   359        SH:  0    Dex:  9    Spells: 7/7 levels left

rFire   . . .      SeeInvis .   y - +5 long sword "Onoimp" {vorpal, MP+9 Int+4 Dex-5}
rCold   . . .      Faith    .   (no shield)
rNeg    . . .      Spirit   .   b - +0 robe
rPois   .          Reflect  .   (helmet restricted)
rElec   .          Harm     .   x - +0 cloak
rCorr   .          Rampage  .   (no gloves)
Will    +....                   (no boots)
Stlth   ++........              r - amulet of magic regeneration
HPRegen 0.21/turn               s - ring of flight
MPRegen 0.56/turn               p - ring of willpower

@: flying, hasted, very quick
A: horns 2, retaliatory headbutt
a: no special abilities


You were on level 6 of the Dungeon.
You visited 1 branch of the dungeon, and saw 6 of its levels.
You also visited: Sewer.

You collected 359 gold pieces.

Inventory:

Hand Weapons
 a - a +0 falchion
 y - the +5 long sword "Onoimp" (weapon) {vorpal, MP+9 Int+4 Dex-5}
   (You found it on level 5 of the Dungeon)

   It inflicts extra damage upon your enemies.
   Int:       It affects your intelligence (+4).
   Dex:       It affects your dexterity (-5).
   MP:        It affects your magic capacity (+9).
Armour
 b - a +0 robe (worn)
 x - a +0 cloak (worn)
Jewellery
 p - a ring of willpower (right hand)
 r - an amulet of magic regeneration (around neck)
 s - a ring of flight (left hand)
 u - a ring of fire
 C - a +4 ring of protection
Scrolls
 c - 4 scrolls of identify
 d - a scroll of fear
 f - a scroll of torment
 h - 4 scrolls of magic mapping
 i - a scroll of blinking {unknown}
 j - 2 scrolls of vulnerability {unknown}
 k - 2 scrolls of immolation
 l - 2 scrolls of teleportation {unknown}
 m - a scroll of enchant armour {unknown}
 o - 3 scrolls of brand weapon
 t - a scroll of noise {unknown}
 v - 2 scrolls of fog {unknown}
 w - a scroll of amnesia {unknown}
Potions
 e - 5 potions of mutation
 g - a potion of magic {unknown}
 n - a potion of haste
 q - a potion of ambrosia
 z - a potion of heal wounds
 A - a potion of curing
 B - 2 potions of flight


   Skills:
 + Level 5.5 Fighting
 * Level 7.2 Long Blades
 + Level 4.9 Dodging
 + Level 3.4 Stealth
 * Level 4.8 Invocations


You had 7 spell levels left.
You didn't know any spells.
Your spell library contained the following spells:

 Spells                   Type           Power      Damage    Failure   Level
 Tukima's Dance           Hex            0%         N/A       71%         3
 Passage of Golubria      Tloc           0%         N/A       98%         4
 Yara's Violent Unravell  Hex/Tmut       0%         3d3       100%        5


Dungeon Overview and Level Annotations

Branches:
Dungeon (6/15)             Temple (0/1) D:4           Sewer (visited)

Altars:
Dithmenos
Ru

Annotations:
D:3 1 runed translucent door, Athor's ghost, amateur OpFi
D:4 1 runed translucent door, Anon1729's ghost, amateur MfMo


Innate Abilities, Weirdness & Mutations

You have a pair of horns on your head.
You reflexively headbutt those who attack you in melee.


Message History

HP restored.
You fly upwards.
The orc wizard closely misses you.
There is a stone staircase leading down, spattered with blood here.
The orc priest looks encouraged for a moment.
The orc warrior hits you with a +0 mace!
The orc wizard closely misses you. You furiously retaliate!
You headbutt the orc wizard.
The orc shouts!
You fly downwards.
There is a stone staircase leading up, spattered with blood here.
You barely miss the orc wizard.
The orc wizard is lightly wounded.
The orc wizard hits you with a +0 dagger.
The orc warrior hits you with a +0 mace!
You hit the orc wizard.
The orc wizard is moderately wounded.
The orc wizard points at you and mumbles some strange words.
The puff of flame hits you!
The orc warrior hits you with a +0 mace!
You hit the orc wizard.
You headbutt the orc wizard, but do no damage.
The orc wizard is almost dead.
The orc wizard casts a spell.
The orc wizard flickers and vanishes!
Deactivating autopickup; reactivate with Ctrl-A.
The orc warrior hits you with a +0 mace!
* * * LOW HITPOINT WARNING * * *
You hit something but do no damage. The orc warrior misses you.
You furiously retaliate!
You headbutt the orc warrior. Something hits you.
* * * LOW HITPOINT WARNING * * *
You feel yourself speed up. Something hits you but does no damage.
The orc warrior hits you with a +0 mace.
* * * LOW HITPOINT WARNING * * *
Okay, then.
Unknown command.
You slash something!
Reactivating autopickup.
You feel a bit more experienced.
The orc warrior hits you with a +0 mace!
You die...

###....##
........##
.........#
.........##
..........##
...........#
......o.[..#
......[@)..#
...........#
...........#
...........#
...........#
..........##
........###
.......##


You could see an orc warrior.

Vanquished Creatures
  An orc warrior (D:5)
  4 ogres
  A phantom (D:4)
  A kobold brigand (Sewer)
  An orc priest (D:4)
  Crazy Yiuf (D:3)
  An iguana (D:5)
  6 orc wizards
  12 adders
  A shadow imp (D:5)
  A white imp (D:4)
  An ufetubus (D:4)
  4 dart slugs
  28 orcs
  9 bats
  13 endoplasms
  2 giant cockroaches
  10 goblins
  11 hobgoblins
  8 jackals
  4 quokkas
  6 ball pythons
  3 frilled lizards
  11 kobolds
  9 rats
149 creatures vanquished.

Vanquished Creatures (others)
  A fungus (D:3)
  2 plants (D:3)
3 creatures vanquished.

Grand Total: 152 creatures vanquished

Notes
Turn   | Place    | Note
-------+----------+-------------------------------------------
     0 | D:1      | Anon1729 the Minotaur Monk began the quest for the Orb.
     0 | D:1      | Reached XP level 1. HP: 19/19 MP: 0/0
   391 | D:1      | Reached XP level 2. HP: 27/27 MP: 1/1
   439 | D:1      | Reached skill level 4 in Long Blades
   445 | D:1      | Reached skill level 1 in Invocations
  1008 | D:1      | Reached XP level 3. HP: 31/33 MP: 2/2
  1830 | D:2      | Found a shadowy altar of Dithmenos.
  2005 | D:2      | Reached XP level 4. HP: 39/40 MP: 4/4
  2381 | D:3      | Found a faded altar of an unknown god.
  2789 | D:2      | Reached XP level 5. HP: 21/46 MP: 5/5
  2984 | D:3      | Reached skill level 5 in Long Blades
  3232 | D:3      | Found a runed translucent door.
  3232 | D:3      | Noticed Athor's ghost (amateur OpFi)
  3540 | D:3      | Found a sacrificial altar of Ru.
  4363 | D:3      | Found a runed translucent door.
  4364 | D:3      | Noticed Crazy Yiuf
  4369 | D:3      | Killed Crazy Yiuf
  4506 | D:4      | Found a runed translucent door.
  4510 | D:4      | Noticed Anon1729's ghost (amateur MfMo)
  4544 | D:4      | Reached XP level 6. HP: 53/53 MP: 7/7
  4902 | D:4      | Reached skill level 6 in Long Blades
  4905 | D:4      | HP: 2/79 [orc priest/divine providence (10)]
  5379 | D:4      | Reached XP level 7. HP: 60/60 MP: 8/8
  5781 | D:4      | Found a staircase to the Ecumenical Temple.
  5930 | D:4      | Reached skill level 5 in Fighting
  6256 | D:5      | Entered Level 5 of the Dungeon
  6258 | D:5      | Found a glowing drain.
  6404 | Sewer    | Entered a sewer
  6615 | Sewer    | Found a white marble altar of Elyvilon.
  6728 | D:5      | Identified the +5 long sword "Onoimp" {vorpal, MP+9 Int+4
                  | Dex-5}
  6856 | D:5      | Found a runed translucent door.
  7386 | D:5      | Reached skill level 7 in Long Blades
  7394 | D:5      | Reached XP level 8. HP: 31/69 MP: 10/10
  7700 | D:6      | Slain by an orc warrior

Illustrated notes

Levels and vault maps discovered:
D:1:      dpeg_arrival_morbid_curiosity, layout_loops_ring
D:2:      layout_basic, basic_altar, minmay_domino_4
D:3:      layout_basic, nicolae_ru_the_path_less_chosen,
          nicolae_ecumenical_pavilion, hellmonk_ghost_happy_afterlife,
          grunt_ministairs_8, uniq_crazy_yiuf_cottage
D:4:      layout_loops_ring, minmay_temple_entry_proselytizer,
          ebering_ghost_reflecting_pool, corexii_checkpoint_b,
          dk_rats_in_the_wall
D:5:      layout_basic, portal_sewer_entry_d, abandoned_shop,
          lightli_church_of_beogh
D:6:      layout_cave_pods, gammafunk_temple_overflow_forgotten,
          skrybe_limestone_x, kennysheep_nub, palyth_stone_intersect,
          minmay_misc_feat_doors, uniq_menkaure

Skill      XL: |  1  2  3  4  5  6  7 |
---------------+----------------------+-----
Long Blades    | 4 5 6 7 |  7.2
Invocations    | 1 2 3 4 |  4.8
Fighting       | 4 5 |  5.5
Stealth        | 2 3 |  3.4
Dodging        | 4 |  4.9

Action                   |  1- 3 |  4- 6 |  7- 9 || total
-------------------------+-------+-------+-------++-------
Melee: Falchion          |    97 |   157 |    59 ||   313
       Headbutt          |    16 |    20 |    18 ||    54
       Punch             |     2 |     1 |       ||     3
       Long sword        |       |       |    30 ||    30
Evoke: Wand              |       |     8 |       ||     8
  Use: Scroll            |       |     6 |       ||     6
       Potion            |       |     9 |     1 ||    10
 Stab: Sleeping          |     3 |     8 |     1 ||    12
       Distracted        |     1 |       |     1 ||     2
Armor: Robe              |    16 |    27 |    14 ||    57
       Skin              |       |     5 |       ||     5
Dodge: Dodged            |    71 |    88 |    73 ||   232

Table legend: (Time is in decaauts)
 A = Elapsed time spent in this place.
 B = Non-inter-level travel time spent in this place.
 C = Inter-level travel time spent in this place.
 D = Time resting spent in this place.
 E = Time spent auto-exploring this place.
 F = Levels seen in this place.
 G = Mean time per level.
                   A        B        C        D        E       F      G
               +--------+--------+--------+--------+--------+-----+--------+
         Total |   7721 |   7562 |    159 |   1530 |   4797 |   7 | 1103.0 |
       Dungeon |   7475 |   7316 |    159 |   1530 |   4626 |   6 | 1245.8 |
         Sewer |    246 |    246 |      0 |      0 |    171 |   1 |  246.0 |
               +--------+--------+--------+--------+--------+-----+--------+

Top non-repeatable levels by time:
     D:4: 1722 daAuts
     D:3: 1589 daAuts
     D:1: 1529 daAuts
     D:2: 1446 daAuts
     D:5: 887 daAuts
     D:6: 299 daAuts
   Sewer: 246 daAuts
